AoeStats
← ¬koJ

Lombardia

508992921Analyzed
3v3 RM · 8d ago on Sep 25, 2026· 59m 12s· 6 players
Game mode
Random Map
Map size
Normal (6 player)
Population
200
Speed
Normal
Resources
Standard
Victory
Conquest
Starting age
Dark Age
Ending age
Imperial Age
RankedLock teamsTeams togetherTeam positionsShared explorationLock speedFull tech treeHidden civsTurbo modeCheats
Victory
Defeat
🇧🇷 Varangians · Brazil
1057
+16
🇧🇷 Slavs · Brazil
1051
+16
🇧🇷 Dravidians · Brazil
1025
+17
🇦🇷 Vietnamese · Argentina
1139
-19
🇦🇷 Inca · Argentina
1040
-16
🇦🇷 Persians · Argentina
986
-14
Zulks
5:33 Loom
10:27 Feudal Age
12:28 Bloodlines
14:47 Double-Bit Axe
15:55 Forging
25:00 Castle Age
23:09 Horse Collar
24:43 Scale Barding Armor
26:45 Husbandry
27:33 Wheelbarrow
26:45 Town Watch
27:31 Fletching
27:55 Bow Saw
35:55 Squires
35:15 Pikeman
37:16 Gold Mining
40:09 Scale Mail Armor
40:45 Iron Casting
42:16 Chain Mail Armor
45:06 Imperial Age
42:55 Gambesons
43:46 Arson
44:29 Hand Cart
44:15 Town Patrol
46:19 Light Cavalry
47:23 Conscription
48:29 Plate Mail Armor
49:16 Elite Jarl
49:29 Elite Varangian Guard
51:20 Murder Holes
53:07 Heavy Plow
52:30 Hussar
53:32 Chain Barding Armor
56:33 Blast Furnace
56:41 Vendel Legacy
Nebrown#1 JUGGERNAUT
9:27 Loom
11:45 Feudal Age
16:46 Castle Age
14:37 Double-Bit Axe
14:58 Horse Collar
17:41 Gold Mining
20:54 Bow Saw
21:38 Wheelbarrow
24:11 Heavy Plow
28:16 Hand Cart
27:47 Town Watch
29:35 Fletching
29:46 Padded Archer Armor
32:34 Imperial Age
30:46 Stone Mining
31:18 Bodkin Arrow
31:39 Leather Archer Armor
31:33 Thumb Ring
31:57 Masonry
32:53 Town Patrol
33:41 Ballistics
34:12 Conscription
34:29 Hoardings
35:04 Chemistry
34:37 Bracer
35:07 Ring Archer Armor
34:52 Medical Corps
36:10 Two-Man Saw
35:27 Murder Holes
38:45 Elite Elephant Archer
41:55 Forging
41:46 Scale Mail Armor
43:22 Iron Casting
42:49 Siege Elephant
46:29 Blast Furnace
46:02 Wootz Steel
47:45 Scale Barding Armor
54:52 Caravan
56:43 Chain Barding Armor
¬koJ
9:31 Loom
12:40 Feudal Age
13:21 Double-Bit Axe
13:18 Horse Collar
16:51 Scale Mail Armor
18:47 Man-at-Arms
20:20 Forging
22:31 Castle Age
24:41 Bow Saw
24:50 Squires
25:32 Stone Mining
25:49 Heavy Plow
26:05 Town Watch
29:02 Long Swordsman
30:36 Wheelbarrow
32:16 Chain Mail Armor
32:29 Hand Cart
33:44 Iron Casting
34:02 Pikeman
34:50 Town Patrol
38:36 Imperial Age
37:02 Detinets
38:00 Ballistics
38:04 Fletching
38:41 Two-Handed Swordsman
39:11 Onager
40:00 Siege Engineers
40:59 Chemistry
40:04 Siege Engineers
40:24 Masonry
40:38 Conscription
39:47 Halberdier
43:31 Crop Rotation
43:39 Capped Ram
44:03 Siege Onager
45:51 Plate Mail Armor
45:38 Siege Ram
46:55 Fortified Wall
48:16 Druzhina
48:20 Champion
50:35 Two-Man Saw
Lutar
5:26 Loom
12:00 Feudal Age
14:25 Wheelbarrow
16:03 Castle Age
14:44 Double-Bit Axe
14:42 Horse Collar
17:56 Wheelbarrow
20:30 Heavy Plow
21:18 Stone Mining
21:19 Gold Mining
23:37 Bow Saw
24:35 Town Watch
27:27 Hand Cart
28:13 Fletching
28:23 Padded Archer Armor
31:09 Bodkin Arrow
33:47 Imperial Age
32:46 Ballistics
33:46 Leather Archer Armor
33:36 Caravan
34:30 Coinage
34:30 Bracer
35:33 Chemistry
34:56 Paper Money
34:48 Thumb Ring
34:28 Heavy Cavalry Archer
36:26 Two-Man Saw
37:26 Ring Archer Armor
44:37 Bloodlines
44:28 Husbandry
50:34 Light Cavalry
54:32 Elite Battle Elephant
pelusinho
11:20 Feudal Age
10:01 Loom
11:24 Champi Runner
13:38 Arson
14:04 Forging
14:42 Double-Bit Axe
19:00 Scale Mail Armor
21:28 Town Watch
25:04 Castle Age
25:06 Champi Warrior
28:09 Horse Collar
28:40 Bow Saw
28:47 Bow Saw
31:12 Squires
34:11 Heavy Plow
35:04 Wheelbarrow
36:13 Fortified Wall
36:54 Gold Mining
38:50 Hand Cart
38:52 Chain Mail Armor
39:03 Treadmill Crane
40:00 Iron Casting
44:12 Imperial Age
44:52 Gold Shaft Mining
44:42 Elite Champi Warrior
45:59 Plate Mail Armor
49:53 Blast Furnace
51:42 Crop Rotation
51:06 Stone Mining
Pollo Flojo
7:06 Loom
10:14 Feudal Age
11:13 Double-Bit Axe
14:47 Forging
15:15 Wheelbarrow
15:09 Scale Barding Armor
15:05 Horse Collar
19:28 Gold Mining
22:40 Castle Age
21:00 Bloodlines
21:39 Stone Mining
23:42 Iron Casting
23:41 Hand Cart
23:37 Bow Saw
26:13 Husbandry
27:25 Heavy Plow
31:16 Scale Mail Armor
32:53 Pikeman
34:31 Gold Shaft Mining
36:45 Stone Shaft Mining
37:22 Chain Barding Armor
37:30 Chain Mail Armor
41:31 Fletching
41:41 Padded Archer Armor
42:39 Bodkin Arrow
43:06 Ballistics
43:13 Murder Holes
43:48 Leather Archer Armor
42:58 Elite Skirmisher
48:05 Imperial Age
50:27 Halberdier
51:43 Ring Archer Armor
52:15 Chemistry
50:37 Imperial Skirmisher
51:24 Thumb Ring
Connection lost

Rejoining the realm…

Still unreachable

The connection could not be restored.

Session expired

The server has moved on; the page needs a fresh start.